 Dungeon Crawl Stone Soup version 0.31.0-1-g2c135a0 (webtiles) character file.

Game seed: 16152739654234171573

1 bonegar the Magician (level 1, 0/10 HPs)
             Began as a Deep Elf Hedge Wizard on Mar 25, 2024.
             Slain by a jackal (1 damage)
             ... on level 1 of the Dungeon.
             The game lasted 00:02:41 (70 turns).

bonegar the Magician (Deep Elf Hedge Wizard)          Turns: 70, Time: 00:02:42

Health: 0/10       AC:  2    Str:  7    XL:     1   Next: 16%
Magic:  4/7        EV: 12    Int: 18    God:
Gold:   16         SH:  0    Dex: 14    Spells: 6/8 levels left

rFire   . . .        a - +0 dagger
rCold   . . .        (no shield)
rNeg    . . .        b - +0 robe
rPois   .            c - +0 hat
rElec   .            (no cloak)
rCorr   .            (no gloves)
SInv    .            (no boots)
Will    .....        (no amulet)
Stlth   ++           (no ring)
HPRegen 0.21/turn    (no ring)
MPRegen 0.10/turn

%: no passive effects
@: no status effects
A: no striking features
a: no special abilities


You were on level 1 of the Dungeon.
You visited 1 branch of the dungeon, and saw 1 of its levels.

You collected 16 gold pieces.

Inventory:

Hand Weapons
 a - a +0 dagger (weapon)
Armour
 b - a +0 robe (worn)
 c - a +0 hat (worn)
Scrolls
 e - 2 scrolls of amnesia
Potions
 d - a potion of magic


   Skills:
 + Level 2.4 Dodging
 + Level 2.4 Stealth
 + Level 4.4 Spellcasting
 + Level 1.1 Conjurations
 + Level 1.1 Summonings
 + Level 1.1 Translocations


You had 6 spell levels left.
You knew the following spells:

 Your Spells              Type           Power      Damage    Failure   Level
a - Magic Dart            Conj           32%        1d4       9%          1
b - Slow                  Hex            12%        N/A       14%         1

Your spell library contained the following spells:

 Spells                   Type           Power      Damage    Failure   Level
 Blink                    Tloc           16%        N/A       14%         2
 Call Imp                 Summ           16%        N/A       14%         2
 Cigotuvi's Dreadful Rot  Necr/Alch/Air  6%         N/A       22%         2
 Mephitic Cloud           Conj/Alch/Air  5%         N/A       36%         3


Dungeon Overview and Level Annotations

Branches:
Dungeon (1/15)

Altars:


Message History

Aim: a jackal (chance to affect: 53%)
The jackal resists with significant effort.
The jackal barely misses you. The jackal completely misses you.
The jackal barely misses you.
You hit the jackal but do no damage. Your punch misses the jackal.
The jackal closely misses you. The jackal barely misses you.
The jackal attacks as it pursues you!
The jackal bites you but does no damage.
Casting: Slow (safe; 14% risk of failure)
Confirm with . or Enter, or press ? or * to list all spells.
Aiming: Magic Dart (safe; 9% risk of failure)
Press: ? - help, Shift-Dir - straight line, f/p - jackal
Aim: a jackal (100% to hit)
The magic dart hits the jackal but does no damage.
The jackal closely misses you. The jackal barely misses you.
The jackal bites you.
You barely miss the jackal. The jackal misses you.
The jackal barely misses you. The jackal bites you. x2
As you read the scroll labelled NAOHEOMOIRR, it crumbles to dust.
It is a scroll of amnesia.
Okay, then.
The jackal closely misses you. The jackal barely misses you.
The jackal bites you.
* * * LOW HITPOINT WARNING * * *
Your magical contamination has completely faded away.
Casting: Magic Dart (safe; 9% risk of failure)
Confirm with . or Enter, or press ? or * to list all spells.
Aiming: Magic Dart (safe; 9% risk of failure)
Press: ? - help, Shift-Dir - straight line, f - jackal, p - jackal
Aim: a jackal (100% to hit)
The magic dart hits the jackal but does no damage.
The jackal misses you. The jackal closely misses you.
The jackal completely misses you. The jackal misses you.
The jackal barely misses you. The jackal misses you.
Unknown command.
Unknown command.
Unknown command.
Unknown command.
The jackal attacks as it pursues you! The jackal bites you.
You die...

# ....# ..♣♣ ♣ #.###..#
#..♣♣.
#.#......###....♣
#.............♣♣♣ ♣♣♣♣
########......♣.♣♣♣♣...
###h......♣..♣..##
#.............)...
#hh..############)
#@h..# ## #....# #
#....# # #....# #
.....# ...#### ....#
....#


You could see 4 jackals.

Vanquished Creatures
  2 kobolds (D:1)
2 creatures vanquished.

Notes
Turn   | Place    | Note
-------+----------+-------------------------------------------
     0 | D:1      | bonegar the Deep Elf Hedge Wizard began the quest for the
                  | Orb.
     0 | D:1      | Reached XP level 1. HP: 10/10 MP: 7/7
    37 | D:1      | Learned a level 1 spell: Slow
    70 | D:1      | Slain by a jackal

Illustrated notes

Levels and vault maps discovered:
D:1:      mainiacjoe_arrival_reflecting_pool, layout_basic,
          chequers_ecumenical_altar_grove, hangedman_decor_clover_reticule

Action                     || total
---------------------------++-------
  Melee: Dagger            ||    10
   Cast: Magic Dart        ||     2
         Slow              ||     1
    Use: Scroll            ||     1
   Stab: Sleeping          ||     1
 Armour: Robe              ||    10
  Dodge: Dodged            ||    23
